 Dungeon Sprint DCSS version 0.20-a0-1089-g3fde505 (webtiles) character file.

8108 potatolord5000 the Peltast (level 11, -6/76 HPs)
             Began as a Gargoyle Fighter on May 3, 2017.
             Was a High Priest of Okawaru.
             Blown up by an eye of devastation (41 damage)
             ... with a bolt of energy
             ... in the Dungeon (Sprint VII: "The Pits").
             The game lasted 00:10:50 (1254 turns).

potatolord5000 the Peltast (Gargoyle Fighter)       Turns: 1254, Time: 00:10:54

Health: -6/76      AC: 28    Str: 29    XL:     11   Next: 25%
Magic:  17/19      EV:  8    Int:  9    God:    Okawaru [*****.]
Gold:   0          SH: 15    Dex:  9    Spells: 10/10 levels left

rFire    . . .     SeeInvis .   w - +2 morningstar (crush)
rCold    . . .     Gourm    .   c - +0 shield
rNeg     + . .     Faith    .   r - +2 plate armour
rPois    ∞         Spirit   .   (no helmet)
rElec    +         Reflect  .   d - +0 cloak
rCorr    .         Harm     .   l - +0 pair of gloves
MR       .....     NoTele   +   (no boots)
Stlth    ..........             (no amulet)
Regen    0.3/turn               b - +3 ring of strength
MPRegen  0.2/turn               g - +3 ring of strength

@: slowed, very slow
A: negative energy resistance 1, electricity resistance, unbreathing,
petrification resistance, rot immunity, AC +7
a: Heroism, Finesse, Renounce Religion


You were in the Dungeon.
You worshipped Okawaru.
Okawaru was extremely pleased with you.
You were not hungry.

You visited 1 branch

Inventory:

Hand Weapons
 w - a +2 morningstar of crushing (weapon)
Armour
 c - a +0 shield (worn)
 d - a +0 cloak (worn)
 l - a +0 pair of gloves (worn)
 r - a +2 plate armour (worn)
Jewellery
 b - a +3 ring of strength (left hand)
 g - a +3 ring of strength (right hand)
Scrolls
 k - a scroll of blinking
 m - 3 scrolls of remove curse
 n - 5 scrolls of amnesia
 o - a scroll of summoning
Potions
 a - 2 potions of invisibility
 e - 6 potions of curing
 h - 2 potions of heal wounds
 i - 4 potions of magic
 j - a potion of berserk rage
 s - a potion of ambrosia {unknown}
 t - a potion of brilliance
 u - a potion of agility
 v - a potion of resistance
Comestibles
 f - 8 bread rations
 p - 40 fruits
 q - 6 meat rations


   Skills:
 + Level 12.6 Fighting
 + Level 11.5 Maces & Flails
 + Level 12.7 Armour
 * Level 16.4 Shields
 + Level 11.3 Invocations


You had 10 spell levels left.
You didn't know any spells.

Dungeon Overview and Level Annotations

Branches:
Dungeon (1/1)

Altars:
Ashenzari
Cheibriados
Dithmenos
Elyvilon
Fedhas
Gozag
Hepliaklqana
Kikubaaqudgha
Makhleb
Nemelex Xobeh
Okawaru
Qazlal
Ru
Sif Muna
Trog
Uskayaw
Vehumet
Wu Jian
Xom
Yredelemnul
Zin
The Shining One
Beogh
Jiyva
Lugonu


Innate Abilities, Weirdness & Mutations

You are resistant to torment.
Your stone body is resilient. (AC +7)
You are immune to poison.
You resist negative energy. (rN+)
You are resistant to electric shocks. (rElec)
You can survive without breathing.
You are immune to petrification.
You are immune to rotting.


Message History

The elephant is moderately wounded.
You block the elephant's attack. x2
The gargoyle hits you but does no damage.
You block the elephant's attack.
The elephant trunk-slaps you but does no damage.
You puncture the elephant!
The elephant is heavily wounded.
The gargoyle hits you but does no damage.
The elephant tramples you but does no damage.
You block the elephant's attack.
You bludgeon the eye of devastation!!
The eye of devastation is severely wounded.
The elephant tramples you.
You stumble backwards!
You hit the eye of devastation but do no damage.
The eye of devastation is severely wounded.
You block the elephant's attack. x2; The gargoyle hits you with a flail.
The eye of devastation gazes at you. The bolt of energy hits you!
Ouch! That really hurt!
You die...

#))######
#''###########
#......+..+...##
#......+..+.....##
#.....##..## ....## #
#...###....###....# .#
#†)##........###.### .#
#'†#...#).#..†#..9.#..#
#.†††.........†.@Y.'..+
#++#...#..#...#..G.#..#
##........###.### .#
###....###....# .#
##..## ....## #
+..+.....## +..+...##
#######


You could see an elephant, an eye of devastation and a gargoyle.

Vanquished Creatures
  Harold (D)
  A sixfirhy (D)
  2 unseen horrors (D)
  A swamp dragon (D)
  An orc knight (D)
  A phantasmal warrior (D)
  A deep elf mage (D)
  A gargoyle (D)
  A hellwing (D)
  A polar bear (D)
  Prince Ribbit (D)
  A snapping turtle (D)
  A hippogriff (D)
  A flying skull (D)
  5 yaks (D)
  A warg (D)
  An acid dragon (D)
  2 water moccasins (D)
  A porcupine (D)
  An orc warrior (D)
  A floating eye (D)
  A black bear (D)
  An ice beast (D)
  A phantom (D)
  3 centaurs (D)
  6 wolves (D)
  Crazy Yiuf (D)
  An orc priest (D)
  2 hounds (D)
  A river rat (D)
  2 ufetubi (D)
  An ooze (D)
  An adder skeleton (D)
  A leopard gecko (D)
  4 orcs (D)
  A ball python (D)
  A giant cockroach (D)
  A quokka (D)
  A frilled lizard (D)
57 creatures vanquished.

Vanquished Creatures (others)
  An orc (D)
  A bat (D)
2 creatures vanquished.

Grand Total: 59 creatures vanquished

Notes
Turn   | Place    | Note
-------+----------+-------------------------------------------
     0 | D        | potatolord5000 the Gargoyle Fighter began the quest for the Orb.
     0 | D        | Reached XP level 1. HP: 14/14 MP: 1/1
    11 | D        | Noticed a floating eye
    14 | D        | Killed a floating eye
    14 | D        | Reached skill level 5 in Fighting
    14 | D        | Reached skill level 5 in Armour
    14 | D        | Reached skill level 5 in Shields
    14 | D        | Reached XP level 2. HP: 22/22 MP: 2/2
    14 | D        | Reached XP level 3. HP: 27/27 MP: 3/3
    14 | D        | Reached XP level 4. HP: 32/32 MP: 4/4
    47 | D        | Found a bloodstained altar of Trog.
    47 | D        | Found a deep blue altar of Sif Muna.
    47 | D        | Found a viscous altar of Jiyva.
    47 | D        | Found a hazy altar of Hepliaklqana.
    47 | D        | Found an opulent altar of Gozag.
    48 | D        | Found a glowing golden altar of the Shining One.
    48 | D        | Found a glowing silver altar of Zin.
    48 | D        | Found a basalt altar of Yredelemnul.
    48 | D        | Found a shimmering altar of Xom.
    48 | D        | Found an ornate altar of the Wu Jian Council.
    48 | D        | Found a sacrificial altar of Ru.
    48 | D        | Found a stormy altar of Qazlal.
    48 | D        | Found an iron altar of Okawaru.
    48 | D        | Found a sparkling altar of Nemelex Xobeh.
    48 | D        | Found a burning altar of Makhleb.
    48 | D        | Found a blossoming altar of Fedhas.
    48 | D        | Found a white marble altar of Elyvilon.
    48 | D        | Found a shadowy altar of Dithmenos.
    48 | D        | Found a snail-covered altar of Cheibriados.
    51 | D        | Found a corrupted altar of Lugonu.
    51 | D        | Found a radiant altar of Vehumet.
    51 | D        | Found a roughly hewn altar of Beogh.
    52 | D        | Found an ancient bone altar of Kikubaaqudgha.
    52 | D        | Found a hide-covered altar of Uskayaw.
    52 | D        | Found a shattered altar of Ashenzari.
    58 | D        | Became a worshipper of Warmaster Okawaru
    79 | D        | Reached skill level 6 in Shields
   102 | D        | Noticed a centaur
   110 | D        | Killed a centaur
   110 | D        | Reached skill level 5 in Maces & Flails
   110 | D        | Reached skill level 7 in Shields
   110 | D        | Reached XP level 5. HP: 19/37 MP: 4/6
   344 | D        | Noticed a centaur
   345 | D        | Noticed a black bear
   345 | D        | Noticed a deep elf mage
   345 | D        | Noticed a porcupine
   346 | D        | Noticed a flying skull
   356 | D        | Killed a black bear
   356 | D        | Reached skill level 8 in Shields
   356 | D        | Reached XP level 6. HP: 21/44 MP: 8/8
   360 | D        | Reached * piety under Okawaru
   360 | D        | Reached skill level 9 in Shields
   371 | D        | Killed a deep elf mage
   371 | D        | Reached ** piety under Okawaru
   371 | D        | Reached skill level 10 in Shields
   371 | D        | Reached XP level 7. HP: 28/50 MP: 8/11
   377 | D        | Killed a flying skull
   377 | D        | Reached *** piety under Okawaru
   377 | D        | Reached skill level 11 in Shields
   377 | D        | Reached XP level 8. HP: 33/56 MP: 9/12
   395 | D        | Noticed Crazy Yiuf
   401 | D        | Killed Crazy Yiuf
   463 | D        | Killed an unseen horror
   463 | D        | Reached skill level 12 in Shields
   474 | D        | Received a gift from Okawaru
   474 | D        | Reached XP level 9. HP: 51/62 MP: 14/14
   479 | D        | Reached skill level 10 in Armour
   494 | D        | Noticed a hellwing
   535 | D        | Killed a hellwing
   535 | D        | Reached **** piety under Okawaru
   535 | D        | Reached skill level 10 in Fighting
   654 | D        | Noticed an orc knight
   654 | D        | Noticed Harold
   671 | D        | Killed Harold
   671 | D        | Reached skill level 13 in Shields
   674 | D        | Killed an orc knight
   674 | D        | Reached ***** piety under Okawaru
   676 | D        | Reached skill level 14 in Shields
   676 | D        | Reached XP level 10. HP: 51/69 MP: 14/17
   952 | D        | Noticed a swamp dragon
   967 | D        | Killed a swamp dragon
   967 | D        | Received a gift from Okawaru
   967 | D        | Reached skill level 10 in Maces & Flails
   987 | D        | Reached skill level 10 in Invocations
  1009 | D        | Reached skill level 15 in Shields
  1151 | D        | Noticed a gargoyle
  1162 | D        | Killed a gargoyle
  1173 | D        | Killed an unseen horror
  1182 | D        | Noticed a phantasmal warrior
  1190 | D        | Killed a phantasmal warrior
  1201 | D        | Reached XP level 11. HP: 65/76 MP: 19/19
  1217 | D        | Reached skill level 16 in Shields
  1221 | D        | Noticed Prince Ribbit
  1227 | D        | Noticed a sixfirhy
  1236 | D        | Killed a sixfirhy
  1246 | D        | Killed Prince Ribbit
  1254 | D        | Blown up by an eye of devastation

Vault maps used:
D:        pitsprint

Skill      XL: |  1  2  3  4  5  6  7  8  9 10 11 |
---------------+----------------------------------+-----
Fighting       | 5 6 7 8 9 11 12 | 12.6
Maces & Flails | 4 5 6 7 8 9 11 | 11.5
Armour         | 5 6 7 8 9 11 12 | 12.7
Shields        | 5 7 8 10 11 12 14 15 16 | 16.4
Invocations    | 2 3 6 7 9 10 11 | 11.3

Action                   |  1- 3 |  4- 6 |  7- 9 | 10-12 || total
-------------------------+-------+-------+-------+-------++-------
Melee: Flail             |     2 |       |       |       ||     2
       Mace              |       |    50 |   124 |       ||   174
       Morningstar       |       |       |    13 |   135 ||   148
Invok: Heroism           |       |       |     2 |     3 ||     5
       Finesse           |       |       |       |     2 ||     2
  Use: Potion            |       |     5 |     8 |     1 ||    14
  Eat: Meat ration       |       |     1 |       |       ||     1
Armor: Scale mail        |       |    44 |       |       ||    44
       Plate armour      |       |    25 |    98 |    87 ||   210
Dodge: Dodged            |       |    43 |    24 |    32 ||    99
Block: Shield            |       |    61 |    58 |    89 ||   208
